 Dungeon Crawl Stone Soup version 0.29-a0-284-gf9362112df (webtiles) character file.

Game seed: 17457834028153185303

54 spaghetti the Sneak (level 3, 0/19 HPs)
             Began as a Vampire Earth Elementalist on Mar 22, 2022.
             Slain by a goblin
             ... wielding a +0 club
             ... led by Robin
              (5 damage)
             ... on level 3 of the Dungeon.
             The game lasted 00:03:02 (1793 turns).

spaghetti the Sneak (Vampire Earth Elementalist)    Turns: 1793, Time: 00:03:03

Health: 0/19       AC:  3    Str:  7    XL:     3   Next: 66%
Magic:  0/6        EV: 12    Int: 17    God:
Gold:   43         SH:  0    Dex: 16    Spells: 5/6 levels left

rFire   . . .      SeeInvis +   f - +0 whip {mace}
rCold   + + .      Faith    .   (no shield)
rNeg    + + +      Spirit   .   b - +0 robe
rPois   ∞          Reflect  .   (no helmet)
rElec   .          Harm     .   (no cloak)
rCorr   .          Rampage  .   (no gloves)
Will    .....                   h - +0 pair of boots
Stlth   +++++.....              (no amulet)
HPRegen 0.00/turn               (no ring)
MPRegen 0.10/turn               (no ring)

@: bloodless, inhibited regen
A: bloodless, fangs 3, see invisible, vampiric 2
a: Bat Form, Revivify


You were on level 3 of the Dungeon.
You visited 1 branch of the dungeon, and saw 3 of its levels.

You collected 43 gold pieces.


Innate Abilities, Weirdness & Mutations

You do not regenerate when monsters are visible.
You are frail without blood (-20% HP).
You can heal yourself when you bite living creatures.
You are immune to poison.
You have razor-sharp teeth.
You have supernaturally acute eyesight. (SInv)
You are afflicted with vampirism and can become a bat while bloodless.


   Skills:
 - Level 2.1 Dodging
 + Level 6.4 Stealth
 - Level 2.0 Spellcasting
 - Level 1.1 Transmutations
 - Level 3.0 Earth Magic


You had 5 spell levels left.
You knew the following spells:

 Your Spells              Type           Power      Damage    Failure   Level
a - Sandblast             Erth           22%        2d7       5%          1

Your spell library contained the following spells:

 Spells                   Type           Power      Damage    Failure   Level
 Passwall                 Tmut/Erth      6%         N/A       13%         2
 Sublimation of Blood     Necr           1%         N/A       28%         2
 Stone Arrow              Conj/Erth      12%        3d7       30%         3
 Ozocubu's Armour         Ice            1%         N/A       50%         3
 Petrify                  Tmut/Erth      8%         N/A       63%         4
 Irradiate                Conj/Tmut      1%         3d14      99%         5
 Metabolic Englaciation   Hex/Ice        0%         N/A       99%         5
 Simulacrum               Ice/Necr       0%         N/A       100%        6

Inventory:

Hand Weapons
 f - a +0 whip (weapon) {mace}
   (You took it off a kobold on level 1 of the Dungeon)
Missiles
 a - 69 stones {throwing}
 e - 4 poisoned darts {throwing}
Armour
 b - a +0 robe (worn)
 h - a +0 pair of boots (worn)
   (You found it on level 1 of the Dungeon)
Scrolls
 d - 2 scrolls of identify {unknown}
 j - 2 scrolls of blinking {!r}
Potions
 c - a potion of magic
 g - a potion of curing {@q1}
 i - a potion of resistance {unknown}
 k - a potion of mutation {unknown}
 l - a potion of heal wounds {unknown}
 m - a potion of invisibility {unknown}

Dungeon Overview and Level Annotations

Branches:
Dungeon (3/15)

Altars:

Shops:
D:1 (

Annotations:
D:3 Robin

#......ggg....#..
########g####.#..
#g# #.#.# #g#
#.#.# #.# #.#.##
#.####....##.#
#.gg!........#
######g...#
#@#### #...#
......# ..##....#
## ##.#.# #.#.#
#.#.# ...<>


You could see a goblin (strong).


Message History

A goblin comes into view. It is wielding a +0 dagger.
Robin of the Strong Arm comes into view.
They are wielding a +6 vampiric spear.
A goblin comes into view. It is wielding a +0 club.
The blast of sand hits the hobgoblin but does no damage.
The hobgoblin shouts!
The goblin shouts! x2; Robin shouts!
You hear a shout! x5
Robin roars a battlecry!
The goblins go into a battle-frenzy!
A goblin comes into view. It is wielding a +0 club. x2
The goblin shouts! 😎 MP[-1]
You lost 1 mp, and now have 5/6 mp.
The blast of sand hits the hobgoblin!
You kill the hobgoblin!
The goblin unwields a +0 club.
The goblin wields a +0 hunting sling.
The goblin shoots a sling bullet.
The sling bullet hits you.
A goblin comes into view. It is wielding a +0 club. x2
You are too injured to fight recklessly!
You are too injured to fight recklessly! 😮 HP[-5] MP[-1]
You take 5 damage, and now have 14/19 hp.
MASSIVE DAMAGE!! (PAUSE)
You lost 1 mp, and now have 4/6 mp.
The goblin attacks as you move away! The goblin hits you with a +0 dagger.
* * * LOW HITPOINT WARNING * * *
😨 HP[-5]
You take 5 damage, and now have 9/19 hp.
MASSIVE DAMAGE!! (PAUSE)
Aiming: Sandblast (safe; 5% risk of failure)
Press: ? - help, Q - select action, (/) - cycle Shift-Dir - straight line, f - goblin
Aim: a goblin, wielding a +0 dagger (strong, 74% to hit)
The blast of sand hits the goblin!
You kill the goblin!
The goblin shoots a sling bullet.
The sling bullet closely misses you. 😨 MP[-1]
You lost 1 mp, and now have 3/6 mp.
Aiming: Sandblast (safe; 5% risk of failure)
Press: ? - help, Q - select action, (/) - cycle Shift-Dir - straight line, f - Robin
Aim: Robin, wielding a +6 vampiric spear, wearing a +0 animal skin and wearing a +0 helmet (85% to hit)
The blast of sand hits Robin but does no damage.
Robin hits you from afar with a +6 vampiric spear!
* * * LOW HITPOINT WARNING * * *
😱 HP[-7] MP[-1]
You take 7 damage, and now have 2/19 hp.
MASSIVE DAMAGE!! (PAUSE)
You lost 1 mp, and now have 2/6 mp.
Okay, then.
The goblin shoots a sling bullet.
The sling bullet closely misses you.
Robin's bangles clink loudly.
A bat comes into view.
Robin throws the goblin at you!
The bat moves out of view.
You hit the goblin.
The goblin unwields a +0 hunting sling.
The goblin wields a +0 club.
The goblin hits you but does no damage. Robin throws the goblin at you!
The goblin hits you but does no damage. 😱 MP[+1]
Okay, then.
It was a potion of curing.
You feel better. The goblin closely misses you.
A goblin comes into view. It is wielding a +0 club.
The goblin closely misses you. 😨 HP[+5]
You regained 5 hp, and now have 7/19 hp.
Aiming: Sandblast (safe; 5% risk of failure)
Press: ? - help, Q - select action, (/) - cycle Shift-Dir - straight line, f/p - Robin
Aim: Robin, wielding a +6 vampiric spear, wearing a +0 animal skin and wearing a +0 helmet (85% to hit)
The blast of sand hits Robin but does no damage.
The goblin misses you. Robin closely misses you.
The goblin hits you but does no damage. 😨 MP[-1]
You lost 1 mp, and now have 2/6 mp.
Aiming: Sandblast (safe; 5% risk of failure)
Press: ? - help, Q - select action, (/) - cycle Shift-Dir - straight line, f/p - Robin
Aim: Robin, wielding a +6 vampiric spear, wearing a +0 animal skin and wearing a +0 helmet (85% to hit)
The blast of sand hits Robin.
The goblin no longer looks unusually strong.
The goblin hits you with a +0 club.
* * * LOW HITPOINT WARNING * * *
A goblin comes into view. It is wielding a +0 club.
The goblin closely misses you. 😨 HP[-2] MP[-1]
You take 2 damage, and now have 5/19 hp.
You lost 1 mp, and now have 1/6 mp.
Aiming: Sandblast (safe; 5% risk of failure)
Press: ? - help, Q - select action, (/) - cycle Shift-Dir - straight line, f/p - Robin
Aim: Robin, wielding a +6 vampiric spear, wearing a +0 animal skin and wearing a +0 helmet (lightly wounded, 85% to hit)
The blast of sand hits Robin.
The goblin shouts!
The goblin no longer looks unusually strong.
The goblin barely misses you. Robin closely misses you.
The goblin barely misses you. 😨 MP[-1]
You lost 1 mp, and now have 0/6 mp.
Blink to where?
Press: ? - help, Dir - move target, p - Robin
As you read the scroll labelled GOKARUEHASCH, it crumbles to dust.
It was a scroll of blinking.
The goblin no longer looks unusually strong.
Found a stone staircase leading up and a stone staircase leading down.
The goblin hits you but does no damage.
You don't have enough magic at the moment.
The goblin attacks as you move away! The goblin hits you with a +0 club.
You die...

Skill      XL: |  1  2  3 |
---------------+----------+-----
Stealth        | 4 5 6 |  6.4
Dodging        | |  2.1
Spellcasting   | |  2.0
Transmutations | |  1.1
Earth Magic    | |  3.0

Action                   || total
-------------------------++-------
Melee: Unarmed           ||    15
       Whip              ||    38
       Bite              ||     4
       Punch             ||     2
 Cast: Sandblast         ||    34
 Abil: Exsanguinate      ||     1
  Use: Scroll            ||     1
       Potion            ||     1
 Stab: Sleeping          ||     8
Armor: Robe              ||    19
Dodge: Dodged            ||    35

Levels and vault maps discovered:
D:1:      doesnt_arrival_eight_statues, layout_basic, serial_shops,
          nicolae_shop_advertising_works [nicolae_subvault_shop_adworks]
D:2:      layout_basic, basic_ecumenical_altar, minmay_door_square,
          grunt_ministairs_9, kennysheep_potato
D:3:      layout_loops_ring, gammafunk_ghost_nasty_kobolds, uniq_robin

Notes
Turn   | Place    | Note
-------+----------+-------------------------------------------
     0 | D:1      | spaghetti the Vampire Earth Elementalist began the quest
                  | for the Orb.
     0 | D:1      | Reached XP level 1. HP: 13/13 MP: 3/3
     0 | D:1      | magus.rc [v1.9.6]
   163 | D:1      | You pick up a book of Winter and begin reading...
   163 | D:1      | You add the spells Ozocubu's Armour, Metabolic Englaciation
                  | and Simulacrum to your library.
   267 | D:1      | Found Vastaor's Weapon Boutique.
   277 | D:1      | You pick up a book of Alchemy and begin reading...
   277 | D:1      | You add the spells Sublimation of Blood and Irradiate to
                  | your library.
   506 | D:1      | Reached skill level 4 in Stealth
   772 | D:1      | Reached XP level 2. HP: 15/15 MP: 3/5
  1091 | D:1      | Reached skill level 5 in Stealth
  1416 | D:3      | Gained mutation: You are afflicted with vampirism and can
                  | become a bat while bloodless. [Vampire growth]
  1416 | D:3      | Reached XP level 3. HP: 19/19 MP: 1/6
  1667 | D:3      | Reached skill level 6 in Stealth
  1775 | D:3      | Noticed Robin
  1782 | D:3      | HP: 2/19 [Robin/+6 vampiric spear (7)]
  1793 | D:3      | Slain by a goblin

Vanquished Creatures
  2 adders (D:3)
  A bat (D:3)
  2 endoplasms
  2 giant cockroaches
  7 hobgoblins
  4 ball pythons
  2 frilled lizards
  6 goblins
  4 kobolds
  2 rats
32 creatures vanquished.

Table legend:
 A = Non-vault XP
 B = Vault XP
 C = Vault XP percentage of total XP
 D = Non-vault monster count
 E = Vault monster count
 F = Vault count percentage of total count
                 A         B        C        D         E       F
            +---------+---------+-------+---------+---------+-------
      Total |      74 |       4 |   5.1 |      30 |       2 |   6.2
            +---------+---------+-------+---------+---------+-------
        D:1 |      28 |       0 |   0.0 |      17 |       0 |   0.0
        D:2 |       3 |       0 |   0.0 |       2 |       0 |   0.0
        D:3 |      43 |       4 |   8.5 |      11 |       2 |  15.4
            +---------+---------+-------+---------+---------+-------

Illustrated notes

Table legend:
 A = Kills in this place as a percentage of kills in entire the game.
 B = Kills by you in this place as a percentage of kills by you in the entire game.
 C = Kills by friends in this place as a percentage of kills by friends in the entire game.
 D = Other kills in this place as a percentage of other kills in the entire game.
 E = Experience gained in this place as a percentage of experience gained in the entire game.
 F = Experience gained in this place divided by the number of levels of this place that you have seen.
                   A       B       C       D       E      F
               +-------+-------+-------+-------+-------+----------------------
         Total | 100.0 | 100.0 |   N/A |   N/A | 100.0 |  26.0
       Dungeon | 100.0 | 100.0 |   N/A |   N/A | 100.0 |  26.0
               +-------+-------+-------+-------+-------+----------------------

Table legend: (Time is in decaauts)
 A = Elapsed time spent in this place.
 B = Non-inter-level travel time spent in this place.
 C = Inter-level travel time spent in this place.
 D = Time resting spent in this place.
 E = Time spent auto-exploring this place.
 F = Levels seen in this place.
 G = Mean time per level.
                   A        B        C        D        E       F      G
               +--------+--------+--------+--------+--------+-----+--------+
         Total |   1795 |   1793 |      2 |    379 |   1148 |   3 |  598.3 |
       Dungeon |   1795 |   1793 |      2 |    379 |   1148 |   3 |  598.3 |
               +--------+--------+--------+--------+--------+-----+--------+

Top non-repeatable levels by time:
     D:1: 1292 daAuts
     D:3: 456 daAuts
     D:2: 46 daAuts
